 Dungeon Crawl Stone Soup version 0.27-a0-679-g77a6b55cf3 (webtiles) character file.

Game seed: 2313164562853538354

118 Alarak the Chopper (level 5, -10/46 HPs)
             Began as a Hill Orc Fighter on Mar 18, 2021.
             Was an Initiate of Beogh.
             Mangled by an ogre
             ... wielding a +0 giant club
              (12 damage)
             ... on level 3 of the Dungeon.
             The game lasted 00:06:28 (4036 turns).

Alarak the Chopper (Hill Orc Fighter)               Turns: 4036, Time: 00:06:29

Health: -10/46     AC:  6    Str: 20    XL:     5   Next: 2%
Magic:  5/5        EV:  7    Int:  8    God:    Beogh [......]
Gold:   88         SH:  9    Dex: 10    Spells: 4/4 levels left

rFire    . . .     SeeInvis .   m - +0 war axe (flame)
rCold    . . .     Faith    .   c - +0 kite shield
rNeg     . . .     Spirit   .   b - +0 scale mail
rPois    .         Reflect  .   (no helmet)
rElec    .         Harm     .   (no cloak)
rCorr    .         Rampage  .   (no gloves)
Will     .....                  (no boots)
Stlth    ..........             (no amulet)
HPRegen  0.15/turn              (no ring)
MPRegen  0.09/turn              (no ring)

@: no status effects
A: no striking features
a: Renounce Religion


You were on level 3 of the Dungeon.
You worshipped Beogh.
Beogh was noncommittal.
You visited 1 branch of the dungeon, and saw 4 of its levels.

You collected 88 gold pieces.

Inventory:

Hand Weapons
 j - a +0 hunting sling
 m - a +0 war axe of flaming (weapon)
Missiles
 k - 80 stones (quivered)
Armour
 b - a +0 scale mail (worn)
 c - a +0 kite shield (worn)
Jewellery
 i - a +6 ring of strength
Scrolls
 l - a scroll of vulnerability {unknown}
 n - a scroll of fog {unknown}
Potions
 a - a potion of lignification {unknown}
 d - a potion of might
 e - a potion of cancellation
 f - 2 potions of degeneration {unknown}
 h - 3 potions of curing {unknown}


   Skills:
 + Level 4.1 Fighting
 - Level 6.3 Axes
 - Level 3.2 Armour
 - Level 3.2 Shields


You had 4 spell levels left.
You didn't know any spells.
Your spell library was empty.

Dungeon Overview and Level Annotations

Branches:
Dungeon (4/15)
 Temple: D:4-7

Altars:
Hepliaklqana
Qazlal


Message History

Done exploring.
Done exploring.
Done exploring.
(D) Dungeon
Where to? (Enter - D:1, ? - help)
You open the door.
There is an open door here.
There is an open door here.
You see here a +0 dagger.
There is a stone staircase leading down here.
You climb downwards.
There is a stone staircase leading up here.
(D) Dungeon
Where to? (Enter - D:2, ? - help)
There is a stone staircase leading down here.
You climb downwards.
There is a stone staircase leading up here.
(D) Dungeon
Where to? (Enter - D:3, ? - help)
You see here a +0 short sword.
You see here a +0 club.
There is a stone staircase leading down here.
You climb downwards.
You hear the sound of rushing water.
There is an entrance to a sewer on this level.
Hurry and find it before the portal rusts away!
An ogre comes into view. It is wielding a +0 giant club.
The ogre shouts!
There is a stone staircase leading up here.
The ogre hits you with a +0 giant club!!
You climb upwards.
There is a stone staircase leading down here.
You slash the ogre! You burn the ogre.
The ogre is severely wounded.
The ogre hits you with a +0 giant club!!
Ouch! That really hurt!
* * * LOW HITPOINT WARNING * * *
As you read the scroll labelled LON SAUMIFAHA, it crumbles to dust.
You smell pipe weed.
It was a scroll of random uselessness.
The ogre hits you with a +0 giant club!
You die...

##......#.# #.#
..........####.#
##.............#
##.#......######
##........#
####.#.#### .....####
.....##.## ########
.....#.#.## #O@....#
......###.#####.####.#
.....## ##.......# #.#
......###.#####..# #.#
.......#.## #..###.#
........## #......#
......### #####.#####
####.## #.......<.#
#.# #.###.###.#


You could see an ogre.

Vanquished Creatures
  A worker ant (D:1)
  An adder (D:3)
  A worm (D:3)
  3 dart slugs
  A leopard gecko (D:3)
  4 orcs
  8 bats
  A giant cockroach (D:2)
  11 goblins
  11 hobgoblins
  6 jackals
  4 kobolds
  3 quokkas
  2 frilled lizards
  8 rats
65 creatures vanquished.

Vanquished Creatures (others)
  A giant cockroach (D:2)
  A quokka (D:2)
  11 plants (D:2)
13 creatures vanquished.

Grand Total: 78 creatures vanquished

Notes
Turn   | Place    | Note
-------+----------+-------------------------------------------
     0 | D:1      | Alarak the Hill Orc Fighter began the quest for the Orb.
     0 | D:1      | Reached XP level 1. HP: 19/19 MP: 1/1
    87 | D:1      | Reached skill level 3 in Axes
   203 | D:1      | Reached XP level 2. HP: 23/26 MP: 2/2
   299 | D:1      | Reached skill level 4 in Axes
   764 | D:1      | Reached XP level 3. HP: 31/31 MP: 3/3
  1304 | D:1      | Reached skill level 5 in Axes
  1712 | D:2      | Reached XP level 4. HP: 37/39 MP: 4/4
  1880 | D:2      | Found a stormy altar of Qazlal.
  2149 | D:2      | Reached skill level 6 in Axes
  2192 | D:2      | Became a worshipper of Beogh the Brigand
  2438 | D:2      | Found a hazy altar of Hepliaklqana.
  3538 | D:3      | Reached XP level 5. HP: 44/46 MP: 5/5
  4032 | D:4      | Noticed an ogre
  4035 | D:3      | HP: 1/46 [ogre/+0 giant club (23)]
  4036 | D:3      | Mangled by an ogre

Illustrated notes

Levels and vault maps discovered:
D:1:      ncdulo_watergridlock, layout_loops_corners, solitary_fountain
D:2:      layout_loops_ring, nicolae_overflow_hidden_temple, serial_forest,
          infiniplex_forest_clump_diagonal, infiniplex_forest_end_3,
          infiniplex_forest_side_room, infiniplex_forest_fountain,
          infiniplex_forest_clump_curved, infiniplex_forest_clump_small,
          nicolae_qazlal_general_emergency
D:3:      layout_loops_corners
D:4:      layout_basic, okawaru_metal_pillars_1_2, gup_sewer_entry_bubbles,
          chequers_hall_statues_wall_a

Skill      XL: |  1  2  3  4 |
---------------+-------------+-----
Axes           | 3 4 5 6 |  6.3
Fighting       | 4 |  4.1
Armour         | |  3.2
Shields        | |  3.2

Action                   |  1- 3 |  4- 6 || total
-------------------------+-------+-------++-------
Melee: War axe           |    74 |    98 ||   172
Invok: Convert to Beogh  |       |     1 ||     1
  Use: Scroll            |       |     2 ||     2
Armor: Scale mail        |    17 |    44 ||    61
Dodge: Dodged            |    25 |    31 ||    56
Block: Kite shield       |    38 |    55 ||    93

Table legend: (Time is in decaauts)
 A = Elapsed time spent in this place.
 B = Non-inter-level travel time spent in this place.
 C = Inter-level travel time spent in this place.
 D = Time resting spent in this place.
 E = Time spent auto-exploring this place.
 F = Levels seen in this place.
 G = Mean time per level.
                   A        B        C        D        E       F      G
               +--------+--------+--------+--------+--------+-----+--------+
         Total |   4122 |   3898 |    224 |    603 |   2778 |   4 | 1030.5 |
       Dungeon |   4122 |   3898 |    224 |    603 |   2778 |   4 | 1030.5 |
               +--------+--------+--------+--------+--------+-----+--------+

Top non-repeatable levels by time:
     D:1: 1748 daAuts
     D:2: 1258 daAuts
     D:3: 1113 daAuts
     D:4: 1 daAuts
